 Dungeon Crawl Stone Soup version 0.28.0 (webtiles) character file.

Game seed: 16283372499221755869

174 HallandMoats the Skirmisher (level 5, -2/42 HPs)
             Began as a Demonspawn Fighter on Feb 12, 2022.
             Was a Follower of Ashenzari.
             Slain by a gnoll (17 damage)
             ... on level 3 of the Dungeon.
             The game lasted 00:03:49 (3168 turns).

HallandMoats the Skirmisher (Demonspawn Fighter)    Turns: 3168, Time: 00:03:49

Health: -2/42      AC:  7    Str: 18    XL:     5   Next: 28%
Magic:  16/16      EV: 11    Int:  9    God:    Ashenzari [*.....]
Gold:   85         SH:  4    Dex: 11    Spells: 4/4 levels left

rFire   . . .      SeeInvis .   b - +3 mace (venom)
rCold   . . .      Faith    .   c - +0 buckler
rNeg    . . .      Spirit   .   t - +2 robe of the Hurricane {Will+++ Dex-2 Stlth+ Archmagi}
rPois   .          Reflect  .   (no helmet)
rElec   .          Harm     .   k - +1 cloak of Supernal Understanding {Melee, Bglg} (curse)
rCorr   .          Rampage  .   (no gloves)
Will    +++..      Archmagi +   n - +0 pair of boots
Stlth   ++........              (no amulet)
HPRegen 0.14/turn               i - ring of the Cursed Idealism {MP+9, Melee, Comp} (curse)
MPRegen 0.30/turn               (no ring)

@: mighty, lethally poisoned (-2 -> -17), hasted, very quick
A: hooves 1, magic regeneration, demonic magic 1
a: Renounce Religion, Curse Item, Shatter the Chains


You were on level 3 of the Dungeon.
You worshipped Ashenzari.
Ashenzari was aware of your devotion.
You visited 1 branch of the dungeon, and saw 3 of its levels.

You collected 85 gold pieces.

Inventory:

Hand Weapons
 a - a +0 war axe
 b - a +3 mace of venom (weapon)
Armour
 c - a +0 buckler (worn)
 k - the cursed +1 cloak of Supernal Understanding (worn) {Melee, Bglg}
   (You found it on level 2 of the Dungeon)

   It has a curse which improves the following skills: Melee Combat: Short
   Blades, Long Blades, Axes, Maces & Flails, Polearms, Staves and Unarmed
   Combat.
   Beguiling: Conjurations, Hexes and Translocations.
 n - a +0 pair of boots (worn)
 o - a +1 cloak of preservation
 t - the +2 robe of the Hurricane (worn) {Will+++ Dex-2 Stlth+ Archmagi}
   (You found it on level 3 of the Dungeon)

   Dex:       It affects your dexterity (-2).
   Archmagi:  It increases the power of your magical spells.
   Will:      It greatly increases your willpower.
   Stlth:     It makes you more stealthy.
 u - the +1 ring mail of Wasted Space {-Cast rPois Str+3}
   (You found it on level 3 of the Dungeon)

   Str:       It affects your strength (+3).
   rPois:     It protects you from poison.
   -Cast:     It prevents spellcasting.
Jewellery
 i - the cursed ring of the Cursed Idealism (left hand) {MP+9, Melee, Comp}
   (You found it on level 1 of the Dungeon)

   [ring of magical power]

   MP:        It affects your magic capacity (+9).
   It has a curse which improves the following skills: Melee Combat: Short
   Blades, Long Blades, Axes, Maces & Flails, Polearms, Staves and Unarmed
   Combat.
   Companions: Summonings and Necromancy.
 p - a +6 ring of intelligence
Wands
 s - a wand of charming (7)
 v - a wand of digging (7)
Scrolls
 g - 3 scrolls of amnesia
 h - 3 scrolls of enchant armour
 j - 2 scrolls of enchant weapon
 l - 3 scrolls of identify
 r - a scroll of silence
Potions
 e - a potion of berserk rage
 f - a potion of curing
 q - a potion of flight


   Skills:
 * Level 3.8 Fighting
 * Level 2.8(3.9) Axes
 + Level 3.1 Armour
 + Level 1.2 Dodging
 + Level 3.1 Shields
 * Level 2.8 Invocations


You had 4 spell levels left.
You didn't know any spells.
Your spell library contained the following spells:

 Spells                   Type           Power      Damage    Failure   Level
 Sting                    Tmut/Pois      0%         1d3       47%         1
 Corpse Rot               Necr/Air       0%         N/A       63%         2
 Poisonous Vapours        Pois/Air       0%         N/A       63%         2
 Gell's Gravitas          Tloc           0%         N/A       85%         3
 Lesser Beckoning         Tloc           0%         N/A       85%         3
 Ozocubu's Armour         Ice            0%         N/A       85%         3
 Teleport Other           Tloc           0%         N/A       85%         3
 Dispel Undead            Necr           0%         3d6       99%         4
 Olgreb's Toxic Radiance  Pois           0%         N/A       99%         4
 Metabolic Englaciation   Hex/Ice        0%         N/A       100%        5
 Death Channel            Necr           0%         N/A       100%        6
 Simulacrum               Ice/Necr       0%         N/A       100%        6


Dungeon Overview and Level Annotations

Branches:
Dungeon (3/15)

Altars:
Ashenzari

Shops:
D:1 (

Annotations:
D:3 1 transporter, Fractals's ghost, amateur SpCj


Innate Abilities, Weirdness & Mutations

You have large cloven feet.
You regenerate magic rapidly.
Spells you cast may paralyse adjacent enemies.


Message History

Items here: ) [ ††.
You see here a bat corpse.
Items here: ( ))) [.
Key pressed, stopping explore.
Partly explored, unvisited transporter.
Partly explored, unvisited transporter.
Partly explored, unvisited transporter.
Partly explored, unvisited transporter.
Partly explored, unvisited transporter.
Partly explored, unvisited transporter.
Okay, then.
There is a transporter here.
Okay, then.
You feel yourself speed up.
The gnoll shouts!
You feel very mighty all of a sudden.
The gnoll shouts!
You enter the transporter and appear at another place.
The gnoll shouts! x2; You hear a shout!
The gnoll barely misses you. The gnoll completely misses you.
You block the gnoll's attack.
You sock the gnoll!
The gnoll is poisoned.
The gnoll is severely wounded.
The gnoll hits you from afar with the +8 halberd "Beastslayer" {venom, rC+ rCorr Str+3 SInv}!
You are poisoned.
The gnoll hits you but does no damage. The gnoll closely misses you.
You hit the gnoll.
The gnoll is poisoned.
The gnoll is moderately wounded.
You feel very sick.
The gnoll zaps a wand.
You resist with almost no effort.
The gnoll hits you from afar with the +8 halberd "Beastslayer" {venom, rC+ rCorr Str+3 SInv}.
You are lethally poisoned!
The gnoll hits you but does no damage. The gnoll closely misses you.
You feel very sick.
You kill the gnoll!
You sock the gnoll!
The gnoll is poisoned.
The gnoll is severely wounded.
You feel very sick.
The gnoll hits you with the +8 halberd "Beastslayer" {venom, rC+ rCorr Str+3 SInv}!
You die...

#.≈≈≈≈≈≈≈≈≈≈≈≈≈≈≈≈≈≈≈≈≈≈≈≈≈....
#.≈≈#####...........#####≈≈.###
###.≈≈#.#.#.###.©.###.#.#.#≈≈.#
....≈≈#...###g#####g###...#≈≈.#
....≈≈###........W..W...###≈≈.#
....≈≈.8# ### ##'## # #8.≈≈.#
....≈≈.##.#.⌠.#gg8# #.##.≈≈.###
....≈≈.#..'.....©⌠# +!g#.≈≈....
....≈≈.##.#.⌠.#g@8# #.##.≈≈.#.#
....≈≈.8#.######g######.#8.≈≈.#.#
###.≈≈###...........W.g.###≈≈...#
.##.≈≈#...###.#####.###...#≈≈..##
....≈≈#.#.#.###.©.###.#.#g#≈≈..##
.##.≈≈#####...........#####≈≈....
###.≈≈≈≈≈≈≈≈≈≈≈...≈≈≈≈≈≈≈≈≈≈≈..##
#.≈≈≈≈≈≈≈≈≈≈≈...≈≈≈≈≈≈≈≈≈≈≈..#
#............................##


You could see Fractals's ghost and 4 gnolls.

Vanquished Creatures
  Crazy Yiuf (D:2)
  Jessica (D:2)
  Terence (D:3)
  A gnoll (D:3)
  An adder (D:2)
  An adder skeleton (D:2)
  A worm (D:2)
  2 dart slugs
  4 orcs (D:3)
  5 endoplasms (D:1)
  4 giant cockroaches
  A goblin (D:2)
  5 hobgoblins
  6 jackals (D:1)
  3 quokkas (D:1)
  7 ball pythons
  5 bats
  5 frilled lizards
  2 kobolds
  9 rats
65 creatures vanquished.

Vanquished Creatures (others)
  A fungus (D:1)
  9 plants
10 creatures vanquished.

Grand Total: 75 creatures vanquished

Notes
Turn   | Place    | Note
-------+----------+-------------------------------------------
     0 | D:1      | HallandMoats the Demonspawn Fighter began the quest for the
                  | Orb.
     0 | D:1      | Reached XP level 1. HP: 18/18 MP: 1/1
   205 | D:1      | Gained mutation: You have large cloven feet. [demonic
                  | ancestry]
   205 | D:1      | Reached XP level 2. HP: 23/24 MP: 2/2
   205 | D:1      | Found a faded altar of an unknown god.
   218 | D:1      | Prayed at the altar of an unknown god.
   218 | D:1      | Became a worshipper of Ashenzari the Shackled
   249 | D:1      | Reached skill level 1 in Invocations
   666 | D:1      | Found Amopleix's Antique Weapon Boutique.
   834 | D:1      | Gained mutation: You regenerate magic rapidly. [demonic
                  | ancestry]
   834 | D:1      | Reached XP level 3. HP: 29/29 MP: 4/4
  1381 | D:2      | Noticed Jessica
  1385 | D:2      | Killed Jessica
  1454 | D:2      | Gained mutation: Spells you cast may paralyse adjacent
                  | enemies. [demonic ancestry]
  1454 | D:2      | Reached XP level 4. HP: 29/35 MP: 5/5
  1457 | D:2      | Reached skill level 1 in Dodging
  1654 | D:2      | Reached * piety under Ashenzari
  2217 | D:2      | Found a runed translucent door.
  2218 | D:2      | Noticed Crazy Yiuf
  2225 | D:2      | Killed Crazy Yiuf
  2501 | D:3      | Identified the +2 robe of the Hurricane {Will+++ Dex-2
                  | Stlth+ Archmagi}
  2873 | D:3      | Found a transporter.
  2876 | D:3      | Identified the +1 ring mail of Wasted Space {-Cast rPois
                  | Str+3}
  2894 | D:3      | Noticed Fractals's ghost (amateur SpCj)
  2948 | D:3      | Reached XP level 5. HP: 42/42 MP: 6/6
  2954 | D:3      | Found a transporter.
  2964 | D:3      | Identified the +8 halberd "Beastslayer" {venom, rC+ rCorr
                  | Str+3 SInv}
  3003 | D:3      | Noticed Terence
  3011 | D:3      | Killed Terence
  3168 | D:3      | Slain by a gnoll

Illustrated notes

Levels and vault maps discovered:
D:1:      shiori_arrival_maze, layout_basic,
          shapermc_ecumenical_altar_mp_ritualfount, serial_shops, shop
D:2:      layout_basic, minmay_randomly_rotated_circles, uniq_jessica,
          uniq_crazy_yiuf_cottage
D:3:      layout_basic, gammafunk_ghost_gnarly_gnolls, serial_corexii_hall,
          chequers_hall_statues_wall_a, chequers_hall_statues_corner_a,
          corexii_hall_statues_s, corexii_hall_statues_t, serial_bayou_pond_a,
          uniq_terence

Skill      XL: |  1  2  3  4 |
---------------+-------------+-----
Invocations    | 1 2 |  2.8
Axes           | 2 |  2.8
Armour         | 3 |  3.1
Dodging        | 1 |  1.2
Shields        | 3 |  3.1
Fighting       | |  3.8

Action                   |  1- 3 |  4- 6 || total
-------------------------+-------+-------++-------
Melee: War axe           |    60 |    17 ||    77
       Kick              |    13 |     1 ||    14
       Mace              |       |    31 ||    31
Invok: Curse Item        |     1 |     1 ||     2
  Use: Potion            |       |     2 ||     2
 Stab: Sleeping          |       |     2 ||     2
Armor: Scale mail        |    43 |     6 ||    49
       Robe              |       |    10 ||    10
Dodge: Dodged            |    36 |    32 ||    68
Block: Buckler           |    23 |     6 ||    29
